 Dungeon Crawl Stone Soup version 0.29.1-12-g30fa7ad0bf (webtiles) character file.

Game seed: 12031909072749430736

86 KittyFluff the Covered (level 4, 0/29 HPs)
             Began as a Gargoyle Fighter on Jan 5, 2023.
             Slain by a goblin
             ... wielding a +2 dagger of electrocution
             ... led by Robin
              (3 damage)
             ... on level 2 of the Dungeon.
             The game lasted 00:04:55 (1448 turns).

KittyFluff the Covered (Gargoyle Fighter)           Turns: 1448, Time: 00:04:55

Health: 0/29       AC:  7    Str: 19    XL:     4   Next: 49%
Magic:  4/4        EV: 10    Int:  9    God:
Gold:   96         SH:  4    Dex: 11    Spells: 3/3 levels left

rFire   . . .      SeeInvis .   n - +7 whip "Heoniz" {vorpal, rC+}
rCold   + . .      Faith    .   c - +0 buckler
rNeg    + . .      Spirit   .   m - +0 leather armour
rPois   ∞          Reflect  .   (no helmet)
rElec   +          Harm     .   (no cloak)
rCorr   .          Rampage  .   (no gloves)
Will    .....                   (no boots)
Stlth   +.........              (no amulet)
HPRegen 0.09/turn               (no ring)
MPRegen 0.09/turn               (no ring)

@: no status effects
A: sickness immunity, AC +3, negative energy resistance 1, electricity
resistance, torment resistance 1, petrification resistance
a: no special abilities


You were on level 2 of the Dungeon.
You visited 1 branch of the dungeon, and saw 2 of its levels.

You collected 96 gold pieces.

Inventory:

Hand Weapons
 a - a +0 flail
 n - the +7 whip "Heoniz" (weapon) {vorpal, rC+}
   (You found it on level 2 of the Dungeon)

   It inflicts extra damage upon your enemies.
   rC:        It protects you from cold.
Missiles
 e - 21 stones (quivered)
Armour
 b - a +0 scale mail
 c - a +0 buckler (worn)
 l - a +0 kite shield
 m - a +0 leather armour (worn)
Scrolls
 f - 2 scrolls of identify {unknown}
 g - a scroll of brand weapon {unknown}
 i - 2 scrolls of enchant armour {unknown}
 j - 2 scrolls of teleportation {unknown}
Potions
 d - a potion of might
 h - 2 potions of lignification {unknown}


   Skills:
 + Level 3.8 Fighting
 + Level 2.7 Maces & Flails
 * Level 4.3 Armour
 + Level 3.8 Shields


You had 3 spell levels left.
You didn't know any spells.
Your spell library was empty.

Dungeon Overview and Level Annotations

Branches:
Dungeon (2/15)

Altars:

Annotations:
D:2 Robin


Innate Abilities, Weirdness & Mutations

You are immune to sickness and miasma.
Your stone body is resilient. (AC +3)
You are immune to poison.
You resist negative energy. (rN+)
You are resistant to electric shocks. (rElec)
You are resistant to unholy torment.
You are immune to petrification.


Message History

A goblin comes into view. It is wielding a +0 club.
The goblin hits you with a club.
You hit the goblin.
You kill the goblin!
A goblin comes into view. It is wielding a +0 club.
Robin throws the goblin at you! The goblin hits you but does no damage.
You see here a +0 club.
You whack the goblin!
You kill the goblin!
Robin throws the goblin at you! The goblin hits you but does no damage.
You block the goblin's attack.
You closely miss the goblin.
Robin roars a battlecry!
The goblins go into a battle-frenzy!
The goblin closely misses you. The goblin hits you with a +0 club.
The goblin hits you with a +2 dagger of electrocution.
You hear a shout! x2
You hit the goblin.
You kill the goblin!
The goblin hits you with a +0 club.
The goblin hits you with a +2 dagger of electrocution.
The goblin hits you with a +0 club. The goblin attacks as you move away!
The goblin hits you with a +2 dagger of electrocution!
* * * LOW HITPOINT WARNING * * *
Things that are here:
a +0 club; a +0 club; a goblin corpse
As you read the scroll labelled LYTENU ROATTUC, it crumbles to dust.
The creatures around you are filled with an inner flame!
It was a scroll of immolation.
The goblin misses you. The goblin attacks as you move away!
The goblin barely misses you. The goblin misses you.
The goblin attacks as you move away! The goblin hits you but does no damage.
The goblin attacks as you move away! You block the goblin's attack.
The goblin attacks as you move away! The goblin hits you with a +0 club.
* * * LOW HITPOINT WARNING * * *
The goblin attacks as you move away! The goblin hits you but does no damage.
A goblin comes into view. It is wielding a +0 dagger.
The goblin hits you with a +2 dagger of electrocution.
You die...

#...............#
#...............#
#########.......#
#..#.....#
#+##.....#
#.....#######
#...........#
#....)......#
##....@.....#
#...gg.....#
#..g.g.....#
#..g.......#
.#######..........#
......g.).........#
.......)###########
........# ........#


You could see Robin (inner flame), a hobgoblin (inner flame, strong) and 4
goblins.

Vanquished Creatures
  Natasha (D:2)
  2 adders (D:2)
  3 ball pythons
  4 endoplasms (D:1)
  A giant cockroach (D:1)
  6 goblins
  5 hobgoblins (D:1)
  3 jackals (D:1)
  2 quokkas (D:1)
  4 bats
  2 frilled lizards (D:1)
  4 kobolds
  3 rats (D:1)
40 creatures vanquished.

Notes
Turn   | Place    | Note
-------+----------+-------------------------------------------
     0 | D:1      | KittyFluff the Gargoyle Fighter began the quest for the
                  | Orb.
     0 | D:1      | Reached XP level 1. HP: 14/14 MP: 1/1
   178 | D:1      | Reached XP level 2. HP: 16/19 MP: 2/2
   205 | D:1      | Found a faded altar of an unknown god.
   932 | D:1      | Reached XP level 3. HP: 8/23 MP: 3/3
  1354 | D:2      | Reached skill level 4 in Armour
  1360 | D:2      | Noticed Natasha
  1368 | D:2      | Killed Natasha
  1369 | D:2      | Reached XP level 4. HP: 23/29 MP: 4/4
  1425 | D:2      | Identified the +7 whip "Heoniz" {vorpal, rC+}
  1434 | D:2      | Noticed Robin
  1448 | D:2      | Slain by a goblin

Illustrated notes

Levels and vault maps discovered:
D:1:      evilmike_arrival_hilbert_curve, layout_basic,
          ebering_ecumenical_altar_petrified
D:2:      layout_basic, uniq_natasha, uniq_robin

Skill      XL: |  1  2  3 |
---------------+----------+-----
Armour         | 4 |  4.3
Fighting       | |  3.8
Maces & Flails | |  2.7
Shields        | |  3.8

Action                   |  1- 3 |  4- 6 || total
-------------------------+-------+-------++-------
Melee: Flail             |   119 |    12 ||   131
       Whip              |       |     4 ||     4
  Use: Potion            |     1 |       ||     1
       Scroll            |       |     1 ||     1
Armor: Scale mail        |    75 |       ||    75
       Leather armour    |     5 |     7 ||    12
Dodge: Dodged            |    80 |    17 ||    97
Block: Buckler           |    44 |    10 ||    54
